 Dungeon Crawl Stone Soup version 0.17-a0-1910-g4c791fa (webtiles) character file.

4445 Peloso the Blocker (level 10, -4/90 HPs)
             Began as a Minotaur Fighter on Sept 26, 2015.
             Was an Elder of Okawaru.
             Killed from afar by an electric eel (9 damage)
             ... with a bolt of electricity
             ... on level 8 of the Dungeon.
             The game lasted 00:30:34 (7220 turns).

Peloso the Blocker (Minotaur Fighter)               Turns: 7220, Time: 00:30:35

Health: -4/90      AC: 25    Str: 30    XL:     10   Next: 15%
Magic:  9/9        EV:  8    Int:  5    God:    Okawaru [****..]
Gold:   528        SH: 14    Dex: 12    Spells: 0 memorised, 9 levels left

rFire  . . .     SeeInvis .     K - +2 falchion (protect)
rCold  . . .     Clarity  .     k - +3 plate armour
rNeg   . . .     SustAt   .     c - +1 shield
rPois  .         Gourm    .     (helmet restricted)
rElec  .         Spirit   .     u - +0 cloak
rCorr  .         Warding  .     C - +0 pair of gloves
rMut   .         Stasis   .     (no boots)
MR     .....                    (no amulet)
Stlth  ..........               y - +6 ring of strength
                                x - +2 ring of strength

@: not resistant to hostile enchantments, extremely unstealthy
A: retaliatory headbutt, horns 2
a: Heroism, Renounce Religion


You were on level 8 of the Dungeon.
You worshipped Okawaru.
Okawaru was greatly pleased with you.
You were not hungry.

You visited 1 branch of the dungeon, and saw 8 of its levels.

You collected 528 gold pieces.

Inventory:

Hand weapons
 o - a +3 spear
 w - a +2 long sword
 D - a cursed +3 short sword
 I - a +4 long sword
 K - a +2 falchion of protection (weapon)
Armour
 c - a +1 shield (worn)
 k - a +3 plate armour (worn)
 u - a +0 cloak (worn)
 C - a +0 pair of gloves (worn)
Jewellery
 g - an uncursed ring of positive energy
 n - an uncursed ring of see invisible
 x - a +2 ring of strength (left hand)
 y - a +6 ring of strength (right hand)
 A - an uncursed ring of ice
Magical devices
 B - a wand of flame (48)
Scrolls
 a - 3 scrolls of identify
 b - a scroll of fear
 i - a scroll of remove curse
 j - a scroll of enchant armour
 m - a scroll of recharging
 q - 2 scrolls of magic mapping
 F - a scroll of blinking {unknown}
 J - a scroll of silence {unknown}
Potions
 d - 2 potions of might
 f - a potion of invisibility
 l - a potion of cancellation
 r - 2 potions of agility
 z - 3 potions of brilliance {unknown}
 E - 5 potions of flight {unknown}
 G - 2 potions of resistance {unknown}
 H - a potion of magic
Comestibles
 e - 7 bread rations
 p - a chunk of flesh
 s - 4 meat rations
 v - 10 royal jellies


   Skills:
 + Level 8.4 Fighting
 + Level 7.7 Long Blades
 + Level 2.1 Polearms
 + Level 9.3 Armour
 + Level 3.6 Dodging
 + Level 1.2 Stealth
 + Level 10.6 Shields
 + Level 1.0 Invocations


You had 9 spell levels left.
You didn't know any spells.

Dungeon Overview and Level Annotations

Branches:
Dungeon (8/15)             Temple (0/1) D:5
   Lair: D:8-11

Altars:
Ashenzari
Dithmenos
Gozag
Makhleb
Okawaru
Qazlal
Ru
Sif Muna
Trog
Vehumet

Shops:
D:6 *   D:7 %(=**


Innate Abilities, Weirdness & Mutations

You reflexively headbutt those who attack you in melee.
You have a pair of horns on your head.


Message History

The bolt of electricity hits your kobold.
Your kobold dies!
Your kobold's corpse dissolves into shadows!
The bolt of electricity hits you!
* * * LOW HITPOINT WARNING * * *
The bolt of electricity hits you!
* * * LOW HITPOINT WARNING * * *
The electric eel shoots out a bolt of lightning at you!
The bolt of electricity hits your giant frog skeleton.
The bolt of electricity hits you!
* * * LOW HITPOINT WARNING * * *
Drink which item? (? for menu, Esc to quit)
You feel better.
The electric eel shoots out a bolt of lightning at you!
The bolt of electricity misses you. The bolt of electricity hits you!
The electric eel shoots out a bolt of lightning at you!
The bolt of electricity hits you!
* * * LOW HITPOINT WARNING * * *
The bolt of electricity hits you!
You die...

#.....≈..........≈./≈>≈.....**
#.....≈..........;;?≈,≈≈,,,,*,
#.................;;≈≈≈,,,,,,,
###########........≈≈≈≈,,,,,*,
#.......≈.≈,,,,,,,*,
#..........,,,,,,,*,
##..Z.KK...,,,,,,,,,
#.Z.......,,,,,*,,,
##@K.K....,,,*****,
#########**** **


You could see 4 electric eels, a friendly big kobold, a friendly worker ant
zombie, 3 friendly kobolds and a friendly giant frog skeleton.

Vanquished Creatures
  Maurice (D:8)
  The ghost of DecibelRebel the Changer, an experienced DrTm of Sif Muna (D:5)
  A wyvern (D:8)
  3 hippogriffs
  An orc warrior (D:8)
  A sky beast (D:6)
  2 ice beasts
  A black bear (D:6)
  2 centaurs
  2 eyes of draining (D:3)
  A wasp (D:8)
  An ogre (D:4)
  A crocodile (D:7)
  A water moccasin zombie (D:8)
  3 scorpions
  5 giant frogs
  13 wights (D:8)
  2 crimson imps (D:8)
  A quasit (D:8)
  A giant frog skeleton (D:4)
  3 jellies (D:8)
  4 orc priests
  Crazy Yiuf (D:5)
  3 hounds
  3 iguanas
  An orc wizard (D:3)
  A killer bee zombie (D:8)
  9 worker ants
  2 hound zombies
  A hound skeleton (D:8)
  2 gnolls (D:4)
  8 adders
  2 shadow imps
  7 oozes
  2 adder zombies (D:6)
  5 worms
  An adder skeleton (D:8)
  7 giant geckos
  32 orcs
  8 giant cockroaches
  13 goblins
  11 hobgoblins
  12 jackals
  3 quokkas
  10 bats
  A giant gecko skeleton (D:5)
  8 giant newts
  A jackal skeleton (D:3)
  6 kobolds
  2 quokka skeletons (D:6)
  A quokka zombie (D:8)
  12 rats
226 creatures vanquished.

Notes
Turn   | Place    | Note
--------------------------------------------------------------
     0 | D:1      | Peloso the Minotaur Fighter began the quest for the Orb.
     0 | D:1      | Reached XP level 1. HP: 19/19 MP: 0/0
    43 | D:1      | Reached skill level 4 in Shields
    49 | D:1      | Reached XP level 2. HP: 20/27 MP: 1/1
   278 | D:1      | Reached XP level 3. HP: 24/33 MP: 2/2
   697 | D:2      | Found a stormy altar of Qazlal.
   733 | D:2      | Reached skill level 1 in Dodging
   737 | D:2      | Reached XP level 4. HP: 25/40 MP: 3/3
  1261 | D:3      | Found a shadowy altar of Dithmenos.
  1292 | D:3      | Found a radiant altar of Vehumet.
  1313 | D:3      | Found a radiant altar of Vehumet.
  1404 | D:3      | Reached XP level 5. HP: 27/46 MP: 4/4
  1695 | D:3      | Found a bloodstained altar of Trog.
  1695 | D:3      | Noticed an eye of draining
  1695 | D:3      | Noticed an eye of draining
  1704 | D:3      | Killed an eye of draining
  1704 | D:3      | Reached skill level 5 in Shields
  1716 | D:3      | Killed an eye of draining
  1716 | D:3      | Reached skill level 1 in Polearms
  1716 | D:3      | Reached XP level 6. HP: 53/53 MP: 0/5
  1993 | D:4      | Reached skill level 5 in Armour
  2001 | D:4      | Found an iron altar of Okawaru.
  2009 | D:4      | Became a worshipper of Warmaster Okawaru
  2310 | D:4      | Reached skill level 5 in Fighting
  2353 | D:4      | Reached skill level 6 in Shields
  2353 | D:4      | Reached XP level 7. HP: 61/61 MP: 6/6
  2618 | D:5      | Entered Level 5 of the Dungeon
  2634 | D:5      | Got a crystal dagger
  2681 | D:5      | Found a burning altar of Makhleb.
  2820 | D:5      | Reached skill level 1 in Stealth
  2937 | D:5      | Found a deep blue altar of Sif Muna.
  2937 | D:5      | Found a sacrificial altar of Ru.
  2968 | D:5      | Found a staircase to the Ecumenical Temple.
  3070 | D:5      | Noticed DecibelRebel's ghost (experienced DrTm)
  3109 | D:5      | Killed DecibelRebel's ghost
  3109 | D:5      | Acquired Okawaru's first power
  3109 | D:5      | Reached skill level 7 in Shields
  3467 | D:5      | You fall through a shaft for 3 floors!
  3535 | D:8      | Reached skill level 5 in Long Blades
  3535 | D:8      | Reached XP level 8. HP: 47/70 MP: 7/7
  3919 | D:8      | Reached skill level 8 in Shields
  4196 | D:8      | Reached XP level 9. HP: 61/79 MP: 8/8
  4291 | D:8      | Noticed Maurice
  4309 | D:8      | Killed Maurice
  4309 | D:8      | Reached skill level 9 in Shields
  4411 | D:8      | Identified the +5 dagger of the Moth {vamp, Dex+3} (You found it on level 5 of the Dungeon)
  4417 | D:8      | Reached skill level 1 in Invocations
  4825 | D:7      | Reached skill level 10 in Shields
  4949 | D:7      | Found Kiocozug's Weapon Boutique.
  4950 | D:7      | Found Qietes's Food Emporium.
  4995 | D:7      | Found Noppiuvobb's Assorted Antiques.
  5264 | D:7      | Found Aliuxko's Jewellery Shop.
  5424 | D:7      | Found Ymicru's Assorted Antiques.
  5928 | D:6      | Found an opulent altar of Gozag.
  5928 | D:6      | Found Gozag's Platinum Reserve.
  6136 | D:6      | Found a shattered altar of Ashenzari.
  6149 | D:6      | Reached XP level 10. HP: 77/88 MP: 9/9
  6767 | D:5      | Noticed Crazy Yiuf
  6774 | D:5      | Paralysed by Crazy Yiuf for 2 turns
  6778 | D:5      | Killed Crazy Yiuf
  7219 | D:8      | HP: 2/90 [electric eel/bolt of electricity (10)]
  7220 | D:8      | Killed from afar by an electric eel

Vault maps used:
D:1:      evilmike_arrival_run_for_it, minivault_14
D:2:      old_standard_altar, first_bread, guppyfry_early_orc_mine
D:3:      corexii_shack_village, fiery_altar_vehumet, trog_eyes_of_draining,
          grunt_dithmenos_smoke_and_mirrors, vehumet_altar_wand_db
D:4:      okawaru_altar_gauntlet_db
D:5:      gammafunk_temple_overflow_wave, overflow_temple_1_default,
          temple_green, uniq_crazy_yiuf_cottage
D:6:      nicolae_gozag_zags_fifth_avenue, evilmike_ruin_ashenzari,
          grunt_ministairs_5, hangedman_minor_gate_pass
D:7:      serial_shops, shop, nicolae_shop_statue_plus, shop,
          nicolae_shop_stone, shop
D:8:      hangedman_little_slice_of_home, disabler_island, uniq_maurice

Action                   |  1- 3 |  4- 6 |  7- 9 | 10-12 || total
-------------------------+-------+-------+-------+-------++-------
Melee: Long sword        |   108 |   136 |   336 |    51 ||   631
       Trident           |       |    50 |       |       ||    50
       Falchion          |       |       |       |    39 ||    39
Invok: Heroism           |       |       |     1 |       ||     1
  Use: Scroll            |       |       |    21 |     2 ||    23
       Potion            |       |       |     3 |     1 ||     4
  Eat: Chunk             |       |     3 |    12 |     3 ||    18
       Pizza             |       |     1 |       |     1 ||     2
